 Dungeon Crawl Stone Soup version 0.22-a0-445-g8c8ef71 (webtiles) character file.

13279 Gorglomux the Protected (level 11, -3/106 HPs)
             Began as a Deep Dwarf Fighter on June 2, 2018.
             Was a Priest of Makhleb.
             Shot with an arrow by Nessos (12 damage)
             ... on level 12 of the Dungeon.
             The game lasted 00:08:00 (7325 turns).

Gorglomux the Protected (Deep Dwarf Fighter)        Turns: 7325, Time: 00:08:01

Health: -3/106     AC: 17    Str: 19 (22) XL:     11   Next: 73%
Magic:  4/4        EV:  8    Int:  7 (10) God:    Makhleb [***...]
Gold:   420        SH:  0    Dex: 10 (12) Spells: 10/10 levels left

rFire    . . .     SeeInvis .   W - +3 battleaxe (freeze)
rCold    . . .     Gourm    .   (shield currently unavailable)
rNeg     . . .     Faith    .   p - +0 chain mail
rPois    .         Spirit   .   (no helmet)
rElec    .         Reflect  .   V - +1 cloak
rCorr    .         Harm     .   n - +2 pair of gloves
MR       +....                  (no boots)
Stlth    ..........             (no amulet)
HPRegen  0.00/turn              l - ring of flight
MPRegen  0.09/turn              x - ring of stealth

@: lethally poisoned (-3 -> -53), non-regenerating
A: damage resistance, heal wounds, sense surroundings 2, no regeneration
a: Heal Wounds, Minor Destruction, Lesser Servant of Makhleb, Renounce Religion,
Evoke Flight


You were on level 12 of the Dungeon.
You worshipped Makhleb.
Makhleb was most pleased with you.
You were not hungry.

You visited 2 branches of the dungeon, and saw 13 of its levels.

You collected 420 gold pieces.

Inventory:

Hand Weapons
 a - a +0 war axe
 J - a +1 scimitar of flaming
 W - a +3 battleaxe of freezing (weapon)
Armour
 c - a +0 shield
 n - a +2 pair of gloves (worn)
 p - a +0 chain mail (worn)
 V - a +1 cloak (worn)
Jewellery
 l - a ring of flight (left hand)
 x - a ring of stealth (right hand)
 G - an uncursed ring of ice {unknown}
 O - an uncursed amulet of harm {unknown}
Wands
 A - a wand of acid (7)
 I - a wand of iceblast (6)
Scrolls
 o - a scroll of immolation
 r - 3 scrolls of amnesia
 H - a scroll of vulnerability {unknown}
 M - 5 scrolls of magic mapping
 P - a scroll of enchant weapon
 Q - 5 scrolls of remove curse
 R - a scroll of identify
 T - a scroll of teleportation
 X - a scroll of fear
 Z - a scroll of blinking {unknown}
Potions
 q - 2 potions of heal wounds
 L - a potion of invisibility {unknown}
 N - a potion of mutation {!q}
 S - a potion of agility
 U - 4 potions of lignification
 Y - 2 potions of flight
Comestibles
 f - 13 rations
 F - 3 chunks of flesh


   Skills:
 + Level 9.2 Fighting
 + Level 10.5 Axes
 + Level 10.8 Armour
 - Level 8.4 Shields
 + Level 9.0 Invocations


You had 10 spell levels left.
You didn't know any spells.
Your spell library contained the following spells:

 Spells                   Type           Power        Failure   Level  Hunger
 Mephitic Cloud           Conj/Pois/Air  #.......     100%        3    ####...
 Venom Bolt               Conj/Pois      #.........   100%        5    ######.
 Olgreb's Toxic Radiance  Pois           #.......     100%        4    #####..
 Sting                    Conj/Pois      #...         98%         1    ##.....
 Poisonous Vapours        Pois/Air       #.....       99%         2    ###....


Dungeon Overview and Level Annotations

Branches:
Dungeon (12/15)            Temple (1/1) D:7            Lair (0/6) D:10
    Orc (0/2) D:12

Altars:
Cheibriados
Fedhas
Gozag
Hepliaklqana
Kikubaaqudgha
Makhleb
Nemelex Xobeh
Okawaru
Qazlal
Ru
Sif Muna
Trog
Uskayaw
Vehumet
Wu Jian
Xom
Yredelemnul
Zin

Shops:
D:6 :   D:7 [   D:8 [

Annotations:
D:6 1 runed door
D:10 Gorglomux's ghost, journeyman DDFi
D:12 Nessos


Innate Abilities, Weirdness & Mutations

You are resistant to damage.
You can heal yourself by infusing magical energy.
You passively map the area around you.
You do not regenerate.


Message History

Nessos intently looks at you, slowly moving his tail!
Nessos blinks!!!
Unknown command!
Evoke which item? (* to show all) (? butt butt, Esc to quit)
Aiming: Iceblast
Press: ? - help, Shift-Dir - straight line, f - Nessos
Aim: Nessos, wielding a longbow of flaming and butt a centaur barding (moderately wounded, fast, butt-ly agile)
The mass of ice explodes!!!
The iceblast engulfs Nessos!
Nessos is heavily wounded!
The iceblast engulfs the adder!
You annihilate the adder!!!
Makhleb roars: ANNIHILATED!
Butt feel better! * * * don't die
* * * You feel very sick!
You hear a shout!!! x3
Nessos shoots an arrow!
The arrow hits you! The arrow burns you!
You are more poisoned!
Nessos shoots an arrow!
The arrow hits you!!! rip

, * *
#..###...............)
* *
##.###................
#..##................
##.##................
*,
#..#.#.######.##....
##.#§#.### *#.##...> ,
#...#... #.##.... ***
,* ##..#.######.###8..
, , * #@†c.........
##+ *** ##†#.######.#
*,, ,, , ..........# *
#+# , * ,.c........#
,_ , * ..........#
*,,, ,........#.#,* ,
,, * *,.....S..#>#, *,
, * ,, ,........#.#
,.....>..#.#, *


You could see Nessos.

Vanquished Creatures
  Erolcha (D:11)
  A hydra (D:9)
  2 two-headed ogres
  A cyclops (D:11)
  A centaur skeleton (D:11)
  2 komodo dragons (D:12)
  An efreet (D:11)
  A hornet (D:12)
  3 hippogriffs
  A slime creature (D:11)
  A wyvern (D:9)
  A wraith (D:10)
  10 yaks
  A vampire (D:11)
  2 porcupines (D:10)
  3 ice beasts
  5 orc warriors
  An eye of draining (D:8)
  A hornet zombie (D:10)
  3 sky beasts
  A black bear (D:6)
  3 ogres
  3 phantoms
  5 centaurs
  2 big kobolds
  7 bullfrogs
  A wyvern skeleton (D:10)
  6 scorpions
  14 killer bees
  5 wights (D:8)
  6 electric eels (D:11)
  5 howler monkeys
  A crimson imp (D:6)
  4 bullfrog zombies
  9 hounds
  3 quasits
  8 orc wizards
  5 orc priests
  A bullfrog skeleton (D:6)
  5 jellies
  9 worker ants
  4 iguanas
  A killer bee zombie (D:5)
  2 hound zombies
  10 gnolls
  13 adders
  2 howler monkey skeletons
  9 oozes
  An adder skeleton (D:6)
  An adder zombie (D:7)
  4 worms
  2 dart slugs
  5 leopard geckos
  33 orcs
  2 ball pythons (D:4)
  2 bats
  10 giant cockroaches
  A goblin (D:1)
  2 hobgoblins
  14 jackals
  11 kobolds
  9 quokkas
  A frilled lizard (D:5)
  A jackal skeleton (D:8)
  A leopard gecko skeleton (D:5)
  2 quokka skeletons (D:5)
  3 rats
  3 fungi (D:10)
  4 plants (D:10)
298 creatures vanquished.

Vanquished Creatures (others)
  2 fungi (D:10)
2 creatures vanquished.

Grand Total: 300 creatures vanquished

Notes
Turn   | Place    | Note
-------+----------+-------------------------------------------
     0 | D:1      | Gorglomux the Deep Dwarf Fighter began the quest for the Orb.
     0 | D:1      | Reached XP level 1. HP: 20/20 MP: 1/1
     0 | D:1      | Noticed a jelly
     1 | D:1      | Found a runed door.
   155 | D:1      | Reached XP level 2. HP: 25/27 MP: 2/2
   161 | D:1      | Reached skill level 3 in Fighting
   163 | D:1      | Reached XP level 3. HP: 32/34 MP: 3/3
   171 | D:1      | Reached skill level 3 in Axes
   235 | D:1      | Reached XP level 4. HP: 30/42 MP: 4/4
   719 | D:3      | Reached XP level 5. HP: 46/49 MP: 5/5
   963 | D:5      | Entered Level 5 of the Dungeon
   999 | D:5      | Reached XP level 6. HP: 35/57 MP: 6/6
  1020 | D:5      | Noticed a yak
  1036 | D:5      | Killed a yak
  1037 | D:5      | Noticed a yak
  1037 | D:5      | Noticed a yak
  1038 | D:5      | Noticed a yak
  1052 | D:5      | Killed a yak
  1052 | D:5      | Reached XP level 7. HP: 48/66 MP: 6/6
  1053 | D:5      | Noticed a yak
  1058 | D:5      | Killed a yak
  1065 | D:5      | Killed a yak
  1089 | D:5      | Killed a yak
  1089 | D:5      | Reached skill level 6 in Armour
  1089 | D:5      | Reached skill level 6 in Shields
  1089 | D:5      | Reached XP level 8. HP: 30/74 MP: 5/5
  1486 | D:5      | Reached skill level 6 in Axes
  1802 | D:6      | Found a glowing drain.
  1961 | D:6      | Found a bloodstained altar of Trog.
  2095 | D:6      | Reached skill level 6 in Fighting
  2107 | D:6      | Gained mutation: You passively map the area around you. [Deep Dwarf growth]
  2107 | D:6      | Reached XP level 9. HP: 35/82 MP: 4/4
  2444 | D:6      | Found Siulimec's Book Shop.
  2616 | D:6      | HP: 4/82 [orc warrior/glaive (19)]
  2661 | D:6      | HP: 4/84 [orc warrior/glaive (21)]
  2879 | D:6      | Found a runed door.
  3093 | D:7      | Found a blossoming altar of Fedhas.
  3188 | D:7      | Found Sitzot's Armour Emporium.
  3232 | D:7      | Found a staircase to the Ecumenical Temple.
  3252 | Temple   | Entered the Ecumenical Temple
  3388 | Temple   | Became a worshipper of Makhleb the Destroyer
  3679 | D:7      | Reached skill level 1 in Invocations
  4011 | D:8      | Found Pygegutoz's Antique Armour Boutique.
  4216 | D:8      | Reached skill level 3 in Invocations
  4226 | D:8      | Reached XP level 10. HP: 44/94 MP: 5/5
  4252 | D:8      | Found a glowing silver altar of Zin.
  4578 | D:9      | Noticed a two-headed ogre
  4589 | D:9      | Killed a two-headed ogre
  4589 | D:9      | Reached * piety under Makhleb
  4775 | D:9      | Reached skill level 9 in Armour
  4849 | D:9      | Found a sparkling altar of Nemelex Xobeh.
  5040 | D:9      | Reached ** piety under Makhleb
  5166 | D:9      | Noticed a four-headed hydra
  5173 | D:9      | Killed a four-headed hydra
  5173 | D:9      | Reached skill level 9 in Axes
  5173 | D:9      | Reached skill level 6 in Invocations
  5458 | D:10     | Entered Level 10 of the Dungeon
  5504 | D:10     | Noticed Gorglomux's ghost (journeyman DDFi)
  5900 | D:10     | Reached XP level 11. HP: 73/103 MP: 6/6
  5920 | D:10     | Found a staircase to the Lair.
  6668 | D:11     | Noticed Erolcha
  6691 | D:11     | Killed Erolcha
  6733 | D:11     | Reached *** piety under Makhleb
  6990 | D:11     | Reached skill level 9 in Fighting
  7252 | D:12     | Found a staircase to the Orcish Mines.
  7252 | D:12     | Noticed a two-headed ogre
  7260 | D:12     | Killed a two-headed ogre
  7308 | D:12     | Noticed Nessos
  7319 | D:12     | Reached skill level 9 in Invocations
  7325 | D:12     | Shot with an arrow by Nessos

Vault maps used:
D:1:      dpeg_arrival_caged_fury
D:2:      first_ration
D:3:      kennysheep_generic_room_5
D:4:      serial_shops, nicolae_shop_statue_plus
D:6:      serial_shops, shop_statue, cheibrodos_sewer_entry_bend, trog_book,
          uniq_crazy_yiuf_cottage
D:7:      fedhas_altar_1, minmay_temple_entry_glassed_door, serial_shops,
          nicolae_shop_trees, serial_co_window_serial, co_window_corner_a,
          co_window_of_opportunity_a, co_window_of_opportunity_a,
          co_window_paths_a, co_window_corner_a, co_window_broadway_a,
          co_window_broadway_b, co_window_2corner, co_window_of_opportunity_b,
          glass_columns_a, glass_columns_b, glass_columns_c, glass_columns_a
D:8:      zin_scriptorium, serial_shops, shop
D:9:      nemelex_xobeh_ov_fountains_minmay
D:10:     grunt_lair_entry_orc_guard_hut
D:11:     hangedman_little_slice_of_home, uniq_erolcha
D:12:     minmay_orc_entry_temple_small, uniq_sonja, uniq_nergalle, uniq_nessos
Temple:   hc_temple_tempest_star

Skill      XL: |  1  2  3  4  5  6  7  8  9 10 11 |
---------------+----------------------------------+-----
Fighting       | 3 4 5 6 7 8 9 |  9.2
Axes           | 3 4 5 6 8 9 10 | 10.5
Shields        | 4 5 6 7 8 |  8.4
Armour         | 4 5 6 7 8 9 10 | 10.8
Invocations    | 3 6 9 |  9.0

Action                   |  1- 3 |  4- 6 |  7- 9 | 10-12 || total
-------------------------+-------+-------+-------+-------++-------
Melee: War axe           |    31 |   179 |   516 |       ||   726
       Battleaxe         |       |       |    21 |   412 ||   433
Throw: Throwing net      |       |       |     1 |       ||     1
Invok: Minor Destruction |       |       |       |    25 ||    25
 Abil: Heal Wounds       |       |     4 |    24 |    24 ||    52
Evoke: Wand              |       |       |       |     8 ||     8
  Use: Potion            |       |       |     4 |     1 ||     5
       Scroll            |       |       |       |    17 ||    17
  Eat: Chunk             |       |     1 |    10 |    13 ||    24
Armor: Scale mail        |    28 |    20 |       |       ||    48
       Chain mail        |       |   111 |   316 |   327 ||   754
       Skin              |       |       |    21 |       ||    21
Dodge: Dodged            |    25 |    40 |   138 |   204 ||   407
Block: Shield            |    26 |   123 |   293 |       ||   442

Table legend:
 A = Spawn XP
 B = Non-spawn XP
 C = Spawn XP percentage of total XP
 D = Spawn monster count
 E = Non-spawn monster count
 F = Spawn count percentage of total count
 G = Total turns spent on level
                    A         B        C        D         E        F      G
               +---------+---------+-------+---------+---------+-------+---------
         Total |       0 |   18971 |   0.0 |       0 |     291 |   0.0 |  7325
               +---------+---------+-------+---------+---------+-------+---------
           D:1 |       0 |     104 |   0.0 |       0 |      23 |   0.0 |   297
           D:2 |       0 |      27 |   0.0 |       0 |      12 |   0.0 |   346
           D:3 |       0 |      80 |   0.0 |       0 |       9 |   0.0 |    87
           D:4 |       0 |     100 |   0.0 |       0 |       6 |   0.0 |   233
           D:5 |       0 |    1761 |   0.0 |       0 |      38 |   0.0 |   814
           D:6 |       0 |    1639 |   0.0 |       0 |      45 |   0.0 |  1240
           D:7 |       0 |     713 |   0.0 |       0 |      17 |   0.0 |   830
           D:8 |       0 |    1268 |   0.0 |       0 |      19 |   0.0 |   519
           D:9 |       0 |    3818 |   0.0 |       0 |      44 |   0.0 |  1013
          D:10 |       0 |    1783 |   0.0 |       0 |      19 |   0.0 |   412
          D:11 |       0 |    5605 |   0.0 |       0 |      50 |   0.0 |  1201
          D:12 |       0 |    2073 |   0.0 |       0 |       9 |   0.0 |   169
               +---------+---------+-------+---------+---------+-------+---------
